 Dungeon Crawl Stone Soup version 0.28-a0-1594-ga885d4b3d6 (webtiles) character file.

Game seed: 18417778471392393505

688 belegose the Skirmisher (level 7, -5/62 HPs)
             Began as a Hill Orc Abyssal Knight on Jan 20, 2022.
             Was a Believer of Lugonu.
             Shot with an arrow by a centaur (8 damage)
             ... on level 6 of the Dungeon.
             The game lasted 00:12:43 (8064 turns).

belegose the Skirmisher (Hill Orc Abyssal Knight)   Turns: 8064, Time: 00:12:44

Health: -5/62      AC:  7    Str: 18    XL:     7   Next: 63%
Magic:  11/11      EV: 11    Int: 10    God:    Lugonu [**....]
Gold:   264        SH:  0    Dex: 11    Spells: 6/6 levels left

rFire   . . .      SeeInvis .   a - +1 hand axe
rCold   . . .      Faith    .   (no shield)
rNeg    + . .      Spirit   .   b - +0 leather armour
rPois   .          Reflect  .   (no helmet)
rElec   .          Harm     .   (no cloak)
rCorr   .          Rampage  .   d - +1 pair of gloves
Will    .....                   s - +0 pair of boots
Stlth   +.........              (no amulet)
HPRegen 0.20/turn               l - ring of positive energy
MPRegen 0.12/turn               (no ring)

@: attractive, flying
A: no striking features
a: Renounce Religion, Depart the Abyss, Bend Space


You were on level 6 of the Dungeon.
You worshipped Lugonu.
Lugonu was pleased with you.
You visited 1 branch of the dungeon, and saw 6 of its levels.
You visited the Abyss 1 time.

You collected 264 gold pieces.

Inventory:

Hand Weapons
 a - a +1 hand axe (weapon)
Missiles
 c - 165 stones
 g - 9 poisoned darts
Armour
 b - a +0 leather armour (worn)
 d - a +1 pair of gloves (worn)
 s - a +0 pair of boots (worn)
Jewellery
 l - a ring of positive energy (left hand)
 A - a ring of positive energy
Wands
 u - a wand of iceblast (6)
 v - a wand of polymorph (10)
 x - a wand of charming (3)
Scrolls
 e - a scroll of vulnerability {unknown}
 f - 3 scrolls of identify {unknown}
 h - a scroll of blinking {unknown}
 j - 8 scrolls of teleportation {unknown}
 m - a scroll of summoning {unknown}
 n - a scroll of enchant weapon {unknown}
 q - a scroll of noise {unknown}
 r - 3 scrolls of fear {unknown}
 w - a scroll of fog {unknown}
 y - a scroll of amnesia {unknown}
 z - a scroll of enchant armour {unknown}
Potions
 i - a potion of berserk rage {unknown}
 k - a potion of cancellation {unknown}
 o - 2 potions of attraction
 p - 2 potions of flight
 t - 2 potions of heal wounds {unknown}
 B - a potion of haste {unknown}
 C - a potion of resistance {unknown}


   Skills:
 + Level 5.8 Fighting
 + Level 5.4 Axes
 + Level 4.6 Armour
 - Level 0.7 Dodging
 + Level 5.5 Invocations
 + Level 2.6 Evocations


You had 6 spell levels left.
You didn't know any spells.
Your spell library contained the following spells:

 Spells                   Type           Power      Damage    Failure   Level
 Magic Dart               Conj           0%         1d3       41%         1
 Call Imp                 Summ           0%         N/A       56%         2
 Mephitic Cloud           Conj/Pois/Air  0%         N/A       80%         3


Dungeon Overview and Level Annotations

Branches:
Dungeon (6/15)
 Temple: D:4-7

Altars:
Vehumet

Annotations:
D:4 exclusion: statue
D:5 Grinder, Menkaure


Message History

Reactivating autopickup.
The sky beast flickers out of sight!
Deactivating autopickup; reactivate with Ctrl-A.
A sky beast appears from thin air!
Reactivating autopickup.
The sky beast flickers out of sight!
Deactivating autopickup; reactivate with Ctrl-A.
Found a helmet.
You see here a +0 helmet.
A centaur comes into view.
The centaur shouts!
The centaur hits you but does no damage.
The centaur closely misses you.
The centaur wields a +2 shortbow of freezing.
It is covered in frost.
The centaur shoots an arrow.
The arrow hits you! The arrow freezes you.
The centaur shoots an arrow.
The arrow hits you. The arrow freezes you.
The centaur shoots an arrow.
Something hits you but does no damage.
The centaur shoots an arrow.
The arrow hits you!
* * * LOW HITPOINT WARNING * * *
The arrow freezes you.
* * * LOW HITPOINT WARNING * * *
The centaur shoots an arrow.
The arrow barely misses you.
You closely miss something.
The centaur shoots an arrow.
Reactivating autopickup.
The centaur shoots an arrow.
The arrow hits you.
* * * LOW HITPOINT WARNING * * *
The arrow freezes you.
* * * LOW HITPOINT WARNING * * *
The centaur shoots an arrow.
The arrow closely misses you.
The centaur shoots an arrow.
The arrow misses you.
It was a potion of flight.
You feel very buoyant.
You fly up into the air.
The centaur shoots an arrow.
The arrow hits you but does no damage.
It was a potion of attraction.
You feel attractive to monsters.
The centaur shoots an arrow.
The arrow hits you!
You die...

#.#..g#..(# #.#
#.##..# ##### #.#
#.#..... #.. #g#
#.####### #.# #g#
#.. #.#.. #.# ###
#.#.###########.#
#...g[..g.......#
###c#############
#....†.@...#
#########.## #


You could see a centaur.

Vanquished Creatures
  A sky beast (D:2)
  A centaur (D:5)
  A phantom (D:4)
  A wyvern zombie (D:6)
  A scorpion (D:4)
  A centaur zombie (D:5)
  2 hounds
  2 bullfrog skeletons
  An iguana (D:6)
  An orc wizard (D:6)
  4 adders
  An adder skeleton (D:4)
  A worm (D:5)
  4 dart slugs
  9 orcs (D:6)
  10 endoplasms
  3 giant cockroaches (D:2)
  11 goblins
  2 hobgoblins
  3 jackals (D:4)
  4 quokkas
  2 ball pythons
  5 bats
  10 kobolds
  A rat (D:2)
82 creatures vanquished.

Vanquished Creatures (others)
  A sky beast (D:6)
  A plant (D:5)
2 creatures vanquished.

Grand Total: 84 creatures vanquished

Notes
Turn   | Place    | Note
-------+----------+-------------------------------------------
     0 | Abyss:1  | belegose the Hill Orc Abyssal Knight began the quest for
                  | the Orb.
     0 | Abyss:1  | Reached XP level 1. HP: 19/19 MP: 2/2
    41 | Abyss:1  | Noticed a neqoxec
    46 | D:1      | Escaped the Abyss
   313 | D:1      | Reached XP level 2. HP: 18/27 MP: 4/4
   486 | D:1      | Reached * piety under Lugonu
  1112 | D:2      | Reached XP level 3. HP: 33/33 MP: 5/5
  2091 | D:3      | Found a faded altar of an unknown god.
  2103 | D:3      | Reached XP level 4. HP: 39/40 MP: 6/6
  2884 | D:4      | Reached XP level 5. HP: 19/47 MP: 6/8
  3594 | D:4      | Found a radiant altar of Vehumet.
  3594 | D:4      | Noticed a frost-covered statue
  3932 | D:5      | Entered Level 5 of the Dungeon
  3997 | D:5      | Noticed a centaur
  4841 | D:5      | Killed a centaur
  4842 | D:5      | Reached skill level 1 in Evocations
  5069 | D:5      | Noticed a phantom
  5090 | D:4      | Reached XP level 6. HP: 51/55 MP: 9/9
  5197 | D:4      | Reached skill level 5 in Fighting
  5330 | D:5      | Noticed a sky beast
  5688 | D:5      | Reached ** piety under Lugonu
  5813 | D:5      | Noticed Menkaure
  6087 | D:5      | Noticed an ice beast
  6125 | D:6      | Reached skill level 5 in Invocations
  6125 | D:6      | Reached XP level 7. HP: 53/61 MP: 10/10
  6297 | D:6      | Reached skill level 5 in Axes
  6353 | D:6      | HP: 1/61 [orc warrior (10)]
  7321 | D:5      | Noticed Grinder
  8061 | D:6      | HP: 3/62 [centaur/arrow (2)]
  8064 | D:6      | Shot with an arrow by a centaur

Illustrated notes

Levels and vault maps discovered:
D:1:      dpeg_arrival_rooms_b, layout_basic
D:2:      layout_basic
D:3:      layout_rooms, chequers_ecumenical_altar_simple_redux
D:4:      layout_basic, vehumet_statue
D:5:      layout_cave_pools, corexii_shack, uniq_grinder, uniq_menkaure
D:6:      layout_basic, minmay_ogre_servants, uniq_duvessa

Skill      XL: |  1  2  3  4  5  6  7 |
---------------+----------------------+-----
Axes           | 3 4 5 |  5.4
Invocations    | 3 4 5 |  5.5
Fighting       | 4 5 |  5.8
Armour         | 3 4 |  4.6
Evocations     | 1 2 |  2.6
Dodging        | |  0.7

Action                   |  1- 3 |  4- 6 |  7- 9 || total
-------------------------+-------+-------+-------++-------
Melee: Hand axe          |   108 |   152 |   108 ||   368
       Punch             |     1 |     3 |     4 ||     8
Invok: Depart the Abyss  |     1 |       |       ||     1
Evoke: Wand              |       |       |     7 ||     7
  Use: Potion            |       |       |     2 ||     2
Armor: Leather armour    |    41 |    76 |    39 ||   156
Dodge: Dodged            |    69 |   112 |    59 ||   240

Table legend: (Time is in decaauts)
 A = Elapsed time spent in this place.
 B = Non-inter-level travel time spent in this place.
 C = Inter-level travel time spent in this place.
 D = Time resting spent in this place.
 E = Time spent auto-exploring this place.
 F = Levels seen in this place.
 G = Mean time per level.
                   A        B        C        D        E       F      G
               +--------+--------+--------+--------+--------+-----+--------+
         Total |   8133 |   7352 |    781 |   1864 |   3646 |   7 | 1161.9 |
       Dungeon |   8087 |   7306 |    781 |   1864 |   3646 |   6 | 1347.8 |
         Abyss |     46 |     46 |      0 |      0 |      0 |   1 |   46.0 |
               +--------+--------+--------+--------+--------+-----+--------+

Top non-repeatable levels by time:
     D:4: 3129 daAuts
     D:2: 1289 daAuts
     D:6: 1264 daAuts
     D:1: 1034 daAuts
     D:3: 895 daAuts
     D:5: 474 daAuts
 Abyss:1: 46 daAuts
